 Dungeon Crawl Stone Soup version 0.29-a0-384-g6960b1960d (webtiles) character file.

Game seed: 4228954559798882828

29 Bruhh the Chiller (level 3, -2/24 HPs)
             Began as a Demonspawn Ice Elementalist on May 7, 2022.
             Slain by Sigmund
             ... wielding a +1 antimagic scythe
              (8 damage)
             ... on level 2 of the Dungeon.
             The game lasted 00:03:45 (1663 turns).

Bruhh the Chiller (Demonspawn Ice Elementalist)     Turns: 1663, Time: 00:03:45

Health: -2/24      AC:  2    Str:  5 (8)  XL:     3   Next: 1%
Magic:  0/7        EV: 12    Int: 15 (18) God:
Gold:   68         SH:  4    Dex: 10 (13) Spells: 1/8 levels left

rFire   + . .      SeeInvis .   h - +0 club
rCold   + . .      Faith    .   (no shield)
rNeg    . . .      Spirit   .   a - +0 robe
rPois   .          Reflect  .   (no helmet)
rElec   .          Harm     .   i - scarf {rC+ rF+}
rCorr   .          Rampage  .   (no gloves)
Will    .....                   (no boots)
Stlth   ++........              (no amulet)
HPRegen 0.08/turn               (no ring)
MPRegen 0.10/turn               (no ring)

@: freezing walls, hasted, very quick
A: foul stench 1, condensation shield
a: no special abilities


You were on level 2 of the Dungeon.
You visited 1 branch of the dungeon, and saw 2 of its levels.

You collected 68 gold pieces.

Inventory:

Hand Weapons
 h - a +0 club (weapon)
Missiles
 d - 4 boomerangs
 j - 5 poisoned darts
Armour
 a - a +0 robe (worn)
 i - a scarf of resistance (worn)
Scrolls
 e - a scroll of vulnerability {unknown}
 g - 3 scrolls of immolation {unknown}
Potions
 b - a potion of magic


   Skills:
 - Level 1.7 Dodging
 - Level 1.7 Stealth
 - Level 3.0 Spellcasting
 + Level 3.9 Ice Magic


You had one spell level left.
You knew the following spells:

 Your Spells              Type           Power      Damage    Failure   Level
a - Freeze                Ice            56%        1d7       4%          1
b - Frozen Ramparts       Ice            28%        1d4       12%         3
c - Ozocubu's Armour      Ice            14%        N/A       12%         3

Your spell library contained the following spells:

 Spells                   Type           Power      Damage    Failure   Level
 Hailstorm                Conj/Ice       8%         3d4       65%         4


Dungeon Overview and Level Annotations

Branches:
Dungeon (2/15)

Altars:

Annotations:
D:2 Sigmund


Innate Abilities, Weirdness & Mutations

You may rarely emit foul miasma when damaged in melee.
A meltable shield of frost defends you. (SH +4)


Message History

Sigmund laughs darkly.
The frozen ramparts melt away.
Sigmund points at you and mumbles some strange words.
The magic dart hits you!
* * * LOW HITPOINT WARNING * * *
Okay, then.
Casting: Frozen Ramparts (quite dangerous; 10% risk of failure)
Confirm with . or Enter, or press ? or * to list all spells.
The spell is quite dangerous to miscast (10% risk of failure)!
Continue anyway?
Okay, then.
Sigmund is nearby!
Casting: Frozen Ramparts (quite dangerous; 10% risk of failure)
Confirm with . or Enter, or press ? or * to list all spells.
The spell is quite dangerous to miscast (10% risk of failure)!
Continue anyway?
Casting: Frozen Ramparts (quite dangerous; 10% risk of failure)
Press: ? - help, Dir - look around, f - activate The walls around you are covered in ice.
The wall freezes Sigmund.
You block Sigmund's attack.
Casting: Frozen Ramparts (quite dangerous; 10% risk of failure)
Confirm with . or Enter, or press ? or * to list all spells.
Okay, then.
It was a potion of haste.
You feel yourself speed up.
The wall freezes Sigmund.
Sigmund says, "I'm your fate." Sigmund barely misses you.
It was a potion of degeneration.
There was something very wrong with that liquid.
You feel weakened.
You feel dopey.
You feel clumsy.
It was a potion of curing.
You feel better.
The wall freezes Sigmund.
Sigmund points at you and mumbles some strange words.
The magic dart hits you.
The wall freezes Sigmund.
Sigmund completely misses you.
The wall freezes Sigmund.
You block Sigmund's attack.
The wall freezes Sigmund.
Sigmund hits you from afar with a +1 antimagic scythe.
* * * LOW HITPOINT WARNING * * *
You feel your power leaking away.
The wall freezes Sigmund.
Sigmund hits you from afar with a +1 antimagic scythe!
You die...

#.#.#......# #.
#.#.#...####.#
#.#.#.#.# .#
#.#.#.#.# .#
#.#.#.#.#
#.......####
#.#.........
###.#@........
#..@..........
######.........##.
#...........
#.......... .
#.........##.#
##.............
.............
.####.#.##.#.
#<.#.##.#.


You could see Sigmund.

Vanquished Creatures
  A worm (D:2)
  A dart slug (D:1)
  3 ball pythons
  A giant cockroach (D:1)
  6 goblins
  3 hobgoblins
  A quokka (D:1)
  3 frilled lizards (D:1)
  A kobold (D:1)
  3 rats
23 creatures vanquished.

Notes
Turn   | Place    | Note
-------+----------+-------------------------------------------
     0 | D:1      | Bruhh the Demonspawn Ice Elementalist began the quest for
                  | the Orb.
     0 | D:1      | Reached XP level 1. HP: 13/13 MP: 3/3
   213 | D:1      | Found a faded altar of an unknown god.
   372 | D:1      | Gained mutation: You may rarely emit foul miasma when
                  | damaged in melee. [demonic ancestry]
   372 | D:1      | Reached XP level 2. HP: 15/19 MP: 0/5
  1198 | D:2      | Noticed Sigmund
  1582 | D:2      | Gained mutation: A meltable shield of frost defends you.
                  | (SH +4) [demonic ancestry]
  1582 | D:2      | Reached XP level 3. HP: 11/24 MP: 2/7
  1586 | D:2      | Learned a level 3 spell: Frozen Ramparts
  1590 | D:2      | Learned a level 3 spell: Ozocubu's Armour
  1663 | D:2      | Slain by Sigmund

Illustrated notes

Levels and vault maps discovered:
D:1:      saegor_arrival_simple_b, layout_basic,
          ebering_ecumenical_altar_petrified
D:2:      layout_basic, chequers_serial_rivers_marsh, minmay_octomino_j4,
          uniq_sigmund

Skill      XL: |  1  2 |
---------------+-------+-----
Spellcasting   | 3 |  3.0
Dodging        | |  1.7
Stealth        | |  1.7
Ice Magic      | |  3.9

Action                   || total
-------------------------++-------
Melee: Unarmed           ||    13
       Club              ||    11
 Cast: Freeze            ||    25
       Frozen Ramparts   ||     2
  Use: Potion            ||     3
Armor: Robe              ||     7
Dodge: Dodged            ||    38
Block: Other             ||     2

Table legend: (Time is in decaauts)
 A = Elapsed time spent in this place.
 B = Non-inter-level travel time spent in this place.
 C = Inter-level travel time spent in this place.
 D = Time resting spent in this place.
 E = Time spent auto-exploring this place.
 F = Levels seen in this place.
 G = Mean time per level.
                   A        B        C        D        E       F      G
               +--------+--------+--------+--------+--------+-----+--------+
         Total |   1664 |   1552 |    112 |    250 |   1051 |   2 |  832.0 |
       Dungeon |   1664 |   1552 |    112 |    250 |   1051 |   2 |  832.0 |
               +--------+--------+--------+--------+--------+-----+--------+

Top non-repeatable levels by time:
     D:1: 1411 daAuts
     D:2: 253 daAuts
